 Dungeon Crawl Stone Soup version 0.22.1-2-g9c5b331383 (webtiles) character file.

176 SpaceYeku the Skirmisher (level 5, -1/47 HPs)
             Began as a Gnoll Wanderer on Dec 18, 2018.
             Was an Initiate of Sif Muna.
             Killed themself with a badly aimed iceblast (18 damage)
             ... on level 3 of the Dungeon.
             The game lasted 00:13:45 (3257 turns).

SpaceYeku the Skirmisher (Gnoll Wanderer)           Turns: 3257, Time: 00:13:46

Health: -1/47      AC:  2    Str: 18    XL:     5   Next: 56%
Magic:  7/7        EV: 12    Int: 15    God:    Sif Muna [......]
Gold:   149        SH:  9    Dex: 14    Spells: 7/7 levels left

rFire    . . .     SeeInvis +   r - +0 flail
rCold    . . .     Gourm    .   e - +0 shield
rNeg     . . .     Faith    .   d - +0 robe
rPois    .         Spirit   .   (no helmet)
rElec    .         Reflect  .   (no cloak)
rCorr    .         Harm     .   (no gloves)
MR       .....                  (no boots)
Stlth    +++.......             (no amulet)
HPRegen  0.15/turn              h - +3 ring of dexterity
MPRegen  0.10/turn              k - ring of see invisible

@: no status effects
A: distributed training, fangs 1, strong nose
a: Renounce Religion


You were on level 3 of the Dungeon.
You worshipped Sif Muna.
Sif Muna was noncommittal.
You were not hungry.

You visited 2 branches of the dungeon, and saw 5 of its levels.

You collected 149 gold pieces.

Inventory:

Hand Weapons
 a - a +0 falchion
 b - a +0 dagger
 r - a +0 flail (weapon)
Armour
 d - a +0 robe (worn)
 e - a +0 shield (worn)
 j - a +0 scale mail
Jewellery
 h - a +3 ring of dexterity (left hand)
 k - a ring of see invisible (right hand)
Wands
 n - a wand of random effects (27)
Scrolls
 g - 2 scrolls of identify
 m - a scroll of immolation {unknown}
Potions
 c - 2 potions of lignification
 i - 2 potions of heal wounds
 l - 2 potions of curing {unknown}
 o - a potion of degeneration {unknown}
 p - a potion of might {unknown}
 q - 2 potions of agility {unknown}
Comestibles
 f - 10 rations
 s - 2 chunks of flesh


   Skills:
 + Level 6.7 Fighting
 + Level 1.5 Short Blades
 + Level 1.5 Long Blades
 + Level 1.5 Axes
 + Level 1.5 Maces & Flails
 + Level 1.5 Polearms
 + Level 3.0 Staves
 + Level 1.5 Slings
 + Level 1.5 Bows
 + Level 1.5 Crossbows
 + Level 1.5 Throwing
 + Level 1.5 Armour
 + Level 4.8 Dodging
 + Level 4.4 Stealth
 + Level 3.0 Shields
 + Level 1.5 Unarmed Combat
 + Level 1.5 Spellcasting
 + Level 1.2 Conjurations
 + Level 1.2 Hexes
 + Level 1.2 Charms
 + Level 1.2 Summonings
 + Level 1.2 Necromancy
 + Level 1.2 Translocations
 + Level 1.2 Transmutations
 + Level 1.2 Fire Magic
 + Level 1.2 Ice Magic
 + Level 1.2 Air Magic
 + Level 1.2 Earth Magic
 + Level 1.2 Poison Magic
 + Level 1.7 Invocations
 + Level 3.0 Evocations


You had 7 spell levels left.
You didn't know any spells.
Your spell library was empty.

Dungeon Overview and Level Annotations

Branches:
Dungeon (4/15)             Temple (1/1) D:4

Altars:
Cheibriados
Kikubaaqudgha
Makhleb
Qazlal
Ru
Sif Muna
Wu Jian
Xom
Yredelemnul
Zin


Innate Abilities, Weirdness & Mutations

Your experience applies equally to all skills.
You have very sharp teeth.
Your uncanny sense of smell can sniff out nearby items.


Message History

You feel sick. The adder barely misses you. The adder completely misses you.
You feel sick. The adder closely misses you.
The orc wizard gestures wildly while chanting.
The orc wizard flickers and vanishes for a moment.
There is a stone staircase leading up here.
You feel sick.
You are no longer poisoned.
You can't go up here!
That item cannot be evoked!
Evoke which item? (* to show all) (? for menu, Esc to quit)
Aiming: Random Effects
Press: ? - help, Shift-Dir - straight line, f - adder
Aim: an adder The mass of ice explodes!
The iceblast engulfs the adder.
You kill the adder!
Sif Muna accepts your kill. The iceblast engulfs you!
You die...

####### #.....#
####.#...####
#............
#.##.#...###### ####
#.##@<...oo...# #...
#.######..###.####.#.
#.# #....#......#.
#.#######.#....o...#.
#>...(...............
#.#...####......#....
#.#.#.# #.#....##...
#.#.#.# #.#.........
#.#.#.. #.#..#.##...


You could see 2 orc wizards.

Vanquished Creatures
  A howler monkey (D:3)
  A hound (D:4)
  4 adders
  An ooze (D:3)
  3 worms
  A leopard gecko (D:2)
  A ball python (D:1)
  3 giant cockroaches
  8 goblins
  7 hobgoblins
  6 jackals
  3 quokkas
  5 bats
  A frilled lizard (D:2)
  3 kobolds (D:2)
  8 rats
56 creatures vanquished.

Notes
Turn   | Place    | Note
-------+----------+-------------------------------------------
     0 | D:1      | SpaceYeku the Gnoll Wanderer began the quest for the Orb.
     0 | D:1      | SpaceYeku set off with: a +0 shield, a +0 falchion, a
                  | potion of lignification, a +0 robe, a +0 dagger, a ration
     0 | D:1      | Reached XP level 1. HP: 23/23 MP: 2/2
   316 | D:1      | Reached XP level 2. HP: 23/29 MP: 3/3
  1386 | D:2      | Reached XP level 3. HP: 31/35 MP: 4/4
  1617 | D:2      | Reached skill level 1 in Invocations
  2013 | D:2      | Reached skill level 1 in Short Blades
  2013 | D:2      | Reached skill level 1 in Long Blades
  2013 | D:2      | Reached skill level 1 in Axes
  2013 | D:2      | Reached skill level 1 in Maces & Flails
  2013 | D:2      | Reached skill level 1 in Polearms
  2013 | D:2      | Reached skill level 1 in Slings
  2013 | D:2      | Reached skill level 1 in Bows
  2013 | D:2      | Reached skill level 1 in Crossbows
  2013 | D:2      | Reached skill level 1 in Throwing
  2013 | D:2      | Reached skill level 1 in Armour
  2013 | D:2      | Reached skill level 1 in Unarmed Combat
  2013 | D:2      | Reached skill level 1 in Spellcasting
  2112 | D:2      | Reached XP level 4. HP: 41/41 MP: 6/6
  2547 | D:3      | Found a snail-covered altar of Cheibriados.
  2690 | D:3      | Reached skill level 1 in Conjurations
  2690 | D:3      | Reached skill level 1 in Hexes
  2690 | D:3      | Reached skill level 1 in Charms
  2690 | D:3      | Reached skill level 1 in Summonings
  2690 | D:3      | Reached skill level 1 in Necromancy
  2690 | D:3      | Reached skill level 1 in Translocations
  2690 | D:3      | Reached skill level 1 in Transmutations
  2690 | D:3      | Reached skill level 1 in Fire Magic
  2690 | D:3      | Reached skill level 1 in Ice Magic
  2690 | D:3      | Reached skill level 1 in Air Magic
  2690 | D:3      | Reached skill level 1 in Earth Magic
  2690 | D:3      | Reached skill level 1 in Poison Magic
  2690 | D:3      | Reached XP level 5. HP: 41/47 MP: 7/7
  2864 | D:4      | Found a staircase to the Ecumenical Temple.
  2891 | Temple   | Entered the Ecumenical Temple
  3131 | Temple   | Became a worshipper of Sif Muna the Loreminder
  3257 | D:3      | Killed themself with a badly aimed iceblast

Skill      XL: |  1  2  3  4  5 |
---------------+----------------+-----
Invocations    | 1 |  1.7
Short Blades   | 1 |  1.5
Long Blades    | 1 |  1.5
Axes           | 1 |  1.5
Maces & Flails | 1 |  1.5
Polearms       | 1 |  1.5
Slings         | 1 |  1.5
Bows           | 1 |  1.5
Crossbows      | 1 |  1.5
Throwing       | 1 |  1.5
Armour         | 1 |  1.5
Unarmed Combat | 1 |  1.5
Spellcasting   | 1 |  1.5
Conjurations   | 1 |  1.2
Hexes          | 1 |  1.2
Charms         | 1 |  1.2
Summonings     | 1 |  1.2
Necromancy     | 1 |  1.2
Translocations | 1 |  1.2
Transmutations | 1 |  1.2
Fire Magic     | 1 |  1.2
Ice Magic      | 1 |  1.2
Air Magic      | 1 |  1.2
Earth Magic    | 1 |  1.2
Poison Magic   | 1 |  1.2
Staves         | 3 |  3.0
Shields        | 3 |  3.0
Evocations     | 3 |  3.0
Fighting       | |  6.7
Dodging        | |  4.8
Stealth        | |  4.4

Action                   |  1- 3 |  4- 6 || total
-------------------------+-------+-------++-------
Melee: Falchion          |   142 |    51 ||   193
       Bite              |    13 |     8 ||    21
       Dagger            |     1 |     2 ||     3
       Flail             |       |    33 ||    33
Evoke: Wand              |     4 |     1 ||     5
  Use: Scroll            |     3 |       ||     3
 Stab: Sleeping          |     4 |     1 ||     5
       Paralysed         |     1 |       ||     1
  Eat: Chunk             |     4 |     3 ||     7
       Ration            |       |     1 ||     1
Armor: Robe              |     4 |     1 ||     5
       Scale mail        |    35 |    15 ||    50
Dodge: Dodged            |    52 |    33 ||    85
Block: Shield            |    72 |    55 ||   127
       Rpst.: Falchion   |    18 |     4 ||    22
